Map: Primeval Wilds

Players

IIIIIIIIIIII - Winner!

  • Race: Protoss Protoss
  • Spawn Location: 12:00

NateDog - Winner!

  • Race: Zerg Zerg
  • Spawn Location: 9:00

Infamous - Winner!

  • Race: Protoss Protoss
  • League: Silver
  • Spawn Location: 12:00

Caliburn - Winner!

  • Race: Zerg Zerg
  • Spawn Location: 3:00

Morius

  • Race: Zerg Zerg
  • Spawn Location: 5:00

CptPattison

  • Race: Terran Terran
  • Spawn Location: 7:00

Kaddarius

  • Race: Zerg Zerg
  • Spawn Location: 6:00

RuffneckOne

  • Race: Terran Terran
  • Spawn Location: 6:00

VOD

Have the link to the VOD?

Description

Time

  • Played on: March 23, 2018, 10:51 a.m.
  • Length: 11:53
Show
View Real Time Build Order
Export as new Build Order

IIIIIIIIIIII Protoss - Winner!

Build Orders: Dark Templar Rush 

Get SALT Encoding   

  12  0:03  Probe  
  13  0:15  Probe  
  14  0:24  Pylon  
  14  0:27  Probe  
  15  0:42  Probe  
  16  0:46  Gateway  
  16  0:49  Assimilator  
  16  0:54  Probe (Chrono Boost), Assimilator  
  18  1:04  Probe (Chrono Boost)  
  18  1:09  Probe (Chrono Boost)  
  19  1:21  Probe (Chrono Boost)  
  20  1:29  Probe (Chrono Boost)  
  21  1:36  Probe  
  21  1:37  Cybernetics Core  
  22  1:40  Pylon  
  22  1:48  Probe  
  22  1:50  Pylon  
  23  2:09  Probe  
  23  2:13  Warp Gate (Chrono Boost)  
  23  2:14  Twilight Council  
  24  2:19  Pylon  
  24  2:31  Robotics Facility  
  24  2:53  Dark Shrine  
  24  2:55  Gateway  
  24  2:57  Gateway  
  24  3:05  Gateway  
  24  3:16  Gateway  
  24  3:21  Shield Battery  
  24  3:28  Pylon  
  24  3:34  Warp Prism  
  26  4:07  Dark Templar  
  26  4:08  Dark Templar x3  
  34  4:35  Zealot  
  36  4:40  Zealot  
  36  4:41  Zealot x3  
  30  5:05  Dark Templar x2  
  26  5:41  Zealot x4  
  26  5:42  Zealot  
  24  6:18  Immortal (Chrono Boost)  
  28  6:33  Nexus  
  28  6:48  Immortal (Chrono Boost)  
  32  7:11  Probe  
  32  7:14  Warp Prism (Chrono Boost)  
  25  8:04  Probe x2  
  27  8:07  Dark Templar  
  27  8:08  Dark Templar x4  
  37  8:16  Probe x2  
  37  8:28  Probe x2  
  37  8:40  Probe x2  
  39  8:52  Probe  
  39  8:53  Probe  
  41  8:56  Charge (Chrono Boost)  
  41  9:04  Probe (Chrono Boost)  
  41  9:05  Probe (Chrono Boost)  
  43  9:10  Assimilator  
  43  9:12  Assimilator  
  43  9:14  Probe x2 (Chrono Boost)  
  45  9:19  Probe x2 (Chrono Boost)  
  47  9:30  Probe  
  49  9:31  Probe  
  49  9:33  Nexus  
  49  9:42  Probe  
  49  9:43  Probe  
  49  9:44  Pylon  
  51  10:09  Dark Templar x4, Forge  
  51  10:10  Dark Templar  
  51  10:12  Forge  
  61  10:15  Forge  
  61  10:45  Probe  
  61  10:47  Probe  
  61  10:49  Dark Templar  
  65  10:50  Dark Templar x4  
  65  10:52  Archon x3  
  65  10:53  Archon x2  
  65  10:54  Archon  
  73  10:57  Probe  
  73  11:00  Probe  
  75  11:09  Probe  
  76  11:12  Probe  
  77  11:24  Probe  
  79  11:26  Assimilator  
  79  11:28  Assimilator  
  79  11:36  Probe  
  79  11:41  Dark Templar x2  
  79  11:46  Archon  
Show
View Real Time Build Order
Export as new Build Order

NateDog Zerg - Winner!

Build Orders: Hatch First 

Get SALT Encoding   

  12  0:01  Drone  
  13  0:15  Overlord  
  13  0:24  Drone  
  14  0:33  Drone  
  14  0:34  Drone  
  16  0:40  Drone  
  17  1:02  Drone, Hatchery  
  17  1:16  Spawning Pool  
  16  1:19  Drone  
  17  1:27  Drone  
  18  1:33  Drone  
  18  1:36  Overlord  
  18  1:37  Extractor  
  18  1:42  Drone  
  19  1:52  Drone  
  20  2:04  Queen  
  22  2:13  Zergling x2  
  22  2:15  Zergling x2  
  24  2:23  Drone  
  24  2:24  Queen  
  27  2:30  Zergling x2  
  27  2:36  Drone x2  
  30  2:43  Spore Crawler  
  29  2:48  Spore Crawler  
  29  2:51  Drone x2  
  30  2:54  Spore Crawler  
  30  2:57  Extractor, Drone  
  29  3:00  Drone x2  
  31  3:07  Metabolic Boost  
  31  3:10  Drone  
  32  3:20  Drone  
  32  3:24  Drone x3  
  32  3:27  Overlord  
  36  3:48  Drone x4  
  38  3:49  Drone  
  38  3:55  Zergling x4  
  44  4:02  Zergling x2  
  44  4:06  Overlord  
  44  4:07  Overlord x2  
  44  4:17  Lair  
  44  4:26  Spore Crawler  
  44  4:30  Spore Crawler  
  42  4:33  Spore Crawler  
  42  4:34  Drone x5  
  42  4:35  Drone  
  42  4:38  Drone  
  48  4:45  Extractor  
  48  4:47  Drone, Extractor  
  47  5:03  Zergling x12  
  52  5:22  Drone x2  
  52  5:23  Drone  
  52  5:26  Drone x3  
  53  5:30  Drone  
  54  5:50  Infestation Pit  
  54  5:52  Spire  
  54  5:53  Drone x2  
  54  5:56  Zergling x10  
  54  5:57  Zergling x4  
  59  6:31  Hive  
  55  6:37  Drone, Spire  
  55  6:40  Zergling x2  
  55  6:41  Zergling x14  
  55  6:42  Zergling x10  
  68  6:50  Evolution Chamber  
  67  7:05  Drone, Baneling Nest  
  67  7:06  Overlord  
  47  7:48  Zergling x6  
  47  7:49  Zergling x12  
  47  7:50  Zergling x2  
  57  7:56  Zerg Ground Armor Level 1  
  57  7:57  Centrifical Hooks  
  57  8:00  Zerg Flyer Weapons Level 1  
  57  8:01  Zerg Flyer Armor Level 1  
  54  8:18  Zergling x10  
  54  8:19  Zergling x2  
  53  8:28  Zergling x6  
  53  8:29  Zergling x8  
  60  9:02  Baneling  
  60  9:03  Baneling x6  
  60  9:04  Baneling x6  
  60  9:05  Baneling x7  
  60  9:15  Pneumatized Carapace  
  50  9:44  Corruptor x2  
  50  9:45  Corruptor x6  
  55  9:46  Corruptor x2  
  55  9:51  Zerg Melee Weapons Level 1  
  67  10:00  Corruptor  
  69  10:53  Corruptor x3  
  75  10:58  Overlord x5  
  75  10:59  Overlord x4  
  75  11:00  Hatchery  
  75  11:04  Hatchery  
Show
View Real Time Build Order
Export as new Build Order

Infamous Protoss - Winner!

Build Orders: 1 Gate Expand 

Get SALT Encoding   

  12  0:01  Probe  
  13  0:13  Probe  
  14  0:18  Pylon  
  14  0:28  Probe  
  15  0:39  Gateway  
  15  0:40  Probe (Chrono Boost)  
  17  0:50  Probe (Chrono Boost)  
  17  0:52  Assimilator  
  17  0:55  Probe (Chrono Boost)  
  18  1:08  Probe  
  19  1:23  Pylon  
  19  1:24  Probe  
  20  1:35  Nexus  
  20  1:38  Probe  
  21  1:51  Cybernetics Core  
  21  1:55  Assimilator  
  21  1:57  Probe  
  22  2:21  Probe (Chrono Boost)  
  23  2:29  Pylon  
  23  2:30  Warp Gate  
  23  2:33  Probe (Chrono Boost)  
  24  2:50  Stargate  
  24  2:56  Stargate  
  24  2:57  Probe  
  25  3:02  Shield Battery  
  25  3:04  Probe  
  26  3:09  Probe  
  27  3:20  Assimilator  
  27  3:23  Probe x2  
  27  3:24  Assimilator  
  29  3:36  Fleet Beacon  
  29  3:43  Probe x2 (Chrono Boost)  
  31  3:55  Probe (Chrono Boost)  
  33  3:57  Void Ray  
  33  3:58  Probe (Chrono Boost)  
  37  4:10  Pylon  
  37  4:11  Probe (Chrono Boost)  
  37  4:12  Pylon  
  37  4:13  Probe (Chrono Boost)  
  39  4:19  Pylon  
  39  4:22  Probe (Chrono Boost)  
  39  4:23  Probe (Chrono Boost)  
  42  4:33  Probe (Chrono Boost)  
  42  4:34  Probe (Chrono Boost)  
  42  4:35  Tempest (Chrono Boost)  
  49  4:55  Forge  
  49  5:00  Probe (Chrono Boost), Pylon  
  49  5:05  Probe (Chrono Boost)  
  51  5:07  Tempest (Chrono Boost)  
  51  5:10  Probe (Chrono Boost)  
  51  5:14  Probe (Chrono Boost)  
  61  5:22  Tempest (Chrono Boost)  
  65  5:33  Shield Battery  
  65  5:35  Probe, Photon Cannon  
  65  5:36  Probe  
  67  5:47  Anion Pulse-Crystals (Chrono Boost)  
  67  5:54  Probe x2  
  69  6:06  Probe  
  69  6:07  Probe  
  71  6:11  Tempest x2  
  83  6:18  Protoss Shields Level 1 (Chrono Boost)  
  83  6:22  Stargate  
  83  6:23  Probe  
  83  6:25  Probe  
  85  6:35  Protoss Air Armor Level 1  
  85  6:39  Probe  
  86  6:48  Pylon  
  86  6:52  Pylon  
  86  6:58  Graviton Catapult (Chrono Boost)  
  86  6:59  Pylon  
  86  7:03  Carrier (Chrono Boost)  
  86  7:06  Probe  
  99  7:23  Probe x2  
  99  7:27  Tempest (Chrono Boost)  
  91  8:09  Carrier (Chrono Boost)  
  97  8:17  Carrier (Chrono Boost)  
  97  8:26  Twilight Council  
  97  8:32  Photon Cannon  
  97  8:33  Carrier (Chrono Boost)  
  97  8:37  Photon Cannon  
  103  9:06  Probe x2  
  105  9:18  Probe x2, Stargate  
  105  9:19  Stargate  
  107  9:30  Probe x2  
  109  10:16  Cybernetics Core  
  109  10:51  Probe  
  109  10:53  Pylon  
  110  11:00  Pylon  
  110  11:11  Probe x2  
  124  11:23  Probe  
Show
View Real Time Build Order
Export as new Build Order

Caliburn Zerg - Winner!

Build Orders: Pool First 

Get SALT Encoding   

  12  0:01  Drone  
  13  0:09  Drone  
  14  0:19  Overlord  
  14  0:37  Spawning Pool  
  14  0:40  Drone  
  14  0:44  Drone  
  14  0:48  Drone  
  16  0:53  Drone  
  17  1:02  Drone  
  18  1:13  Overlord  
  18  1:24  Queen  
  20  1:26  Drone  
  20  1:29  Extractor  
  20  1:33  Roach Warren  
  20  1:39  Overlord  
  19  1:48  Drone  
  20  1:57  Drone  
  21  2:07  Drone  
  22  2:20  Hatchery  
  22  2:22  Drone  
  22  2:28  Queen  
  24  2:35  Drone  
  25  2:39  Overlord  
  25  2:44  Extractor  
  25  2:45  Drone  
  25  2:49  Drone  
  26  3:05  Drone x2  
  27  3:06  Drone x3  
  31  3:18  Lair  
  31  3:28  Metabolic Boost  
  31  3:29  Evolution Chamber  
  30  3:35  Evolution Chamber  
  29  3:45  Drone  
  29  3:48  Drone x3  
  31  3:49  Drone  
  31  3:53  Drone  
  35  4:03  Zerg Melee Weapons Level 1  
  35  4:07  Zerg Ground Armor Level 1  
  35  4:18  Overlord x2  
  35  4:22  Roach  
  39  4:24  Roach  
  39  4:41  Drone x6  
  39  4:45  Overlord  
  45  4:47  Overlord  
  45  4:54  Glial Reconstitution  
  45  5:04  Nydus Network  
  45  5:06  Drone  
  45  5:11  Extractor  
  45  5:13  Extractor  
  45  5:14  Drone x3  
  45  5:17  Drone x2  
  48  5:27  Roach  
  48  5:28  Roach  
  52  5:36  Drone  
  53  5:49  Nydus Canal  
  53  5:52  Zergling x12  
  61  5:57  Roach  
  57  6:22  Roach x8  
  73  6:40  Zerg Missile Weapons Level 1  
  73  6:42  Zerg Ground Armor Level 2  
  73  6:45  Drone  
  73  6:46  Drone x2  
  76  6:48  Drone  
  76  6:49  Drone  
  78  7:06  Zergling x2  
  78  7:07  Zergling x10  
  84  7:15  Nydus Network  
  83  7:18  Overlord  
  83  7:19  Overlord x3, Hydralisk Den  
  82  7:57  Hydralisk  
  82  7:58  Hydralisk x8  
  100  8:07  Spore Crawler  
  100  8:08  Spore Crawler  
  98  8:17  Hydralisk x4  
  82  8:41  Hydralisk  
  82  8:42  Hydralisk  
  79  8:50  Drone x2  
  79  8:51  Drone x5  
  84  9:05  Spore Crawler  
  84  9:07  Spore Crawler  
  82  9:12  Spore Crawler  
  82  9:14  Spore Crawler x2  
  82  9:16  Drone x2, Spore Crawler  
  81  9:17  Drone x2  
  81  9:20  Drone x2  
  84  9:42  Hydralisk x6  
  84  9:43  Hydralisk x2  
  100  9:55  Lurker Den  
  95  10:19  Hydralisk  
  95  10:20  Hydralisk x5  
  107  10:43  Zergling x2  
  107  10:46  Overlord x5  
  108  11:07  Nydus Canal  
  108  11:08  Nydus Canal  
  105  11:38  Nydus Canal  
  105  11:39  Nydus Canal  
Show
View Real Time Build Order
Export as new Build Order

Morius Zerg 

Build Orders: Pool First 

Get SALT Encoding   

  12  0:03  Drone  
  13  0:22  Evolution Chamber  
  13  0:24  Overlord  
  13  0:26  Drone  
  13  0:31  Drone  
  14  0:42  Overlord  
  14  0:50  Extractor  
  13  0:57  Drone  
  14  1:15  Spawning Pool  
  13  1:21  Drone x3  
  16  1:38  Drone  
  17  1:46  Overlord  
  17  2:14  Evolution Chamber  
  17  2:15  Queen  
  18  2:19  Zergling x6  
  21  2:23  Zerg Melee Weapons Level 1  
  21  2:50  Metabolic Boost  
  21  2:56  Drone x2  
  21  2:57  Drone  
  24  3:16  Drone  
  25  3:27  Lair  
  25  3:34  Extractor  
  24  3:37  Extractor  
  24  3:40  Hatchery  
  22  3:57  Extractor, Overlord  
  22  4:02  Drone x3  
  24  4:23  Zerg Ground Armor Level 1  
  14  4:43  Zergling x4  
  14  4:44  Zergling x8  
  6  5:05  Overseer  
  1  5:28  Drone  
  1  6:53  Hatchery  
    8:06  Drone  
  1  8:16  Drone  
  2  8:57  Drone x2  
  4  9:18  Drone  
  5  9:31  Drone  
  6  9:56  Drone  
  7  10:03  Drone  
  7  10:04  Drone  
  9  10:25  Queen  
Show
View Real Time Build Order
Export as new Build Order

CptPattison Terran 

Build Orders:  

Get SALT Encoding   

  12  0:24  Supply Depot  
  12  0:25  SCV  
  13  0:31  Engineering Bay  
  13  0:37  SCV  
  14  0:50  Barracks  
  14  0:56  SCV  
  15  1:27  SCV  
  15  1:28  Refinery  
  16  1:38  Refinery  
  16  1:39  SCV  
  17  1:42  Supply Depot, Marine  
  18  1:51  SCV  
  19  2:00  Marine  
  20  2:03  SCV  
  20  2:07  Supply Depot  
  21  2:16  SCV  
  21  2:18  Marine  
  23  2:28  SCV  
  24  2:35  Missile Turret  
  24  2:39  Bunker  
  24  2:40  SCV  
  25  2:47  Marine  
  26  2:52  SCV  
  27  2:59  Missile Turret  
  27  3:04  SCV  
  28  3:06  Barracks Tech Lab  
  28  3:20  Factory  
  28  3:22  Factory  
  28  3:26  Marine  
  29  3:30  SCV  
  30  3:38  Hi-Sec Auto Tracking  
  30  4:00  SCV  
  31  4:14  Command Center  
  31  4:28  SCV  
  32  4:32  Missile Turret  
  32  4:54  Factory Tech Lab  
  32  4:56  Factory Tech Lab  
  32  4:59  Planetary Fortress  
  32  5:00  Missile Turret  
  22  5:40  SCV  
  23  5:43  Siege Tank x2  
  29  5:52  SCV  
  30  6:04  SCV  
  30  6:15  Siege Tank x2  
  36  6:42  SCV  
  37  6:47  Refinery  
  37  7:09  Starport  
  25  8:24  Siege Tank x2  
  25  8:26  Starport Tech Lab  
  31  8:29  Starport  
  31  8:38  SCV  
  32  8:50  SCV  
  32  8:53  SCV  
  34  8:56  Siege Tank x2  
  34  9:00  Starport  
  40  9:07  SCV  
  41  9:16  Armory  
  41  9:19  SCV  
  42  9:31  Missile Turret, SCV  
  43  9:44  SCV, Starport Reactor  
  43  9:45  Starport Reactor  
  44  9:48  Missile Turret  
  44  9:56  SCV  
  45  10:02  Supply Depot  
  45  10:08  SCV  
  46  10:20  SCV  
  46  10:21  Viking x3  
  49  10:24  Supply Depot, Viking  
  49  10:26  SCV  
  56  10:32  SCV  
  57  10:49  Missile Turret  
  57  10:52  Missile Turret  
  57  10:53  Viking  
  59  11:03  Supply Depot  
  59  11:10  Armory  
  59  11:31  Missile Turret  
Show
View Real Time Build Order
Export as new Build Order

Kaddarius Zerg 

Build Orders: Hatch First 

Get SALT Encoding   

  12  0:30  Hatchery  
  11  0:43  Overlord  
  11  0:59  Spawning Pool  
  11  1:02  Extractor  
  11  1:04  Drone  
  10  1:09  Drone  
  11  1:14  Drone  
  12  1:21  Drone  
  13  1:30  Drone  
  14  1:37  Drone  
  15  1:47  Queen  
  15  1:53  Drone  
  18  1:56  Drone  
  18  2:00  Drone  
  20  2:09  Overlord  
  20  2:15  Drone  
  21  2:17  Drone  
  21  2:21  Drone  
  23  2:28  Metabolic Boost  
  23  2:32  Zergling x2  
  23  2:34  Zergling x2  
  25  2:38  Zergling x2  
  25  2:41  Zergling x2  
  25  2:43  Zergling x2  
  28  2:47  Zergling x2  
  29  2:52  Overlord  
  29  3:01  Queen  
  31  3:08  Drone x2  
  33  3:13  Drone x2  
  33  3:15  Drone  
  36  3:22  Overlord  
  36  3:30  Extractor  
  36  3:33  Drone x3  
  38  3:44  Lair  
  38  3:53  Drone  
  38  3:54  Drone x2  
  41  3:58  Drone  
  41  3:59  Drone x2  
  44  4:03  Extractor  
  44  4:05  Extractor  
  44  4:08  Overlord x2  
  42  4:13  Drone  
  42  4:14  Drone x2  
  42  4:16  Drone  
  46  4:18  Drone  
  46  4:20  Drone  
  48  4:24  Drone  
  49  4:45  Overseer  
  49  4:47  Pneumatized Carapace  
  49  4:53  Drone x2  
  49  4:54  Drone  
  49  4:55  Drone x2  
  49  5:42  Spire  
  48  6:32  Overlord x5  
  48  6:33  Overlord x2  
  48  6:34  Overlord  
  48  6:55  Mutalisk x2  
  48  6:56  Mutalisk x4  
  60  7:12  Mutalisk x3  
  60  7:13  Mutalisk x6  
  64  8:53  Mutalisk  
  64  8:54  Mutalisk x11  
  84  9:03  Zerg Flyer Weapons Level 1  
  59  10:27  Mutalisk  
  59  10:28  Mutalisk x8  
Show
View Real Time Build Order
Export as new Build Order

RuffneckOne Terran 

Build Orders:  

Get SALT Encoding   

  12  0:19  Supply Depot  
  12  0:20  SCV  
  12  0:21  Refinery  
  13  0:46  Barracks  
  13  0:54  SCV  
  14  1:07  SCV  
  15  1:19  SCV  
  15  1:25  Barracks  
  16  1:35  Barracks, Barracks Reactor  
  16  1:36  SCV  
  17  1:44  Supply Depot  
  17  1:48  SCV  
  18  2:05  Barracks, SCV  
  19  2:12  Marine  
  19  2:15  Marine  
  21  2:19  Barracks Reactor  
  21  2:26  Barracks Tech Lab  
  21  2:29  Marine  
  21  2:33  Marine  
  23  2:47  Marine, SCV  
  23  2:51  Marine  
  26  2:59  SCV  
  26  3:01  Supply Depot, Barracks Reactor  
  26  3:02  Marine  
  26  3:05  Marine  
  28  3:06  Marine  
  30  3:16  Orbital Command  
  30  3:23  Marine, Refinery  
  31  3:27  Marine  
  31  3:31  Marine  
  33  3:39  Supply Depot  
  33  3:47  SCV  
  34  3:50  Marine  
  34  3:51  Marine x2  
  34  3:54  Marine  
  38  4:03  Engineering Bay  
  38  4:04  SCV  
  39  4:16  SCV  
  40  4:20  Marine  
  40  4:21  Supply Depot, Marine  
  40  4:24  Marine  
  42  4:26  Marine  
  42  4:28  SCV  
  42  4:29  Marine  
  46  4:42  Missile Turret  
  43  5:11  Marine x7  
  50  5:28  Marine  
  50  5:29  Marine x4  
  55  5:39  Supply Depot  
  55  5:41  Barracks  
  55  6:01  Marine x7  
  56  6:18  Marine x2  
  56  6:22  SCV  
  53  6:34  SCV  
  54  6:42  Factory  
  54  6:44  Barracks Reactor  
  54  6:46  SCV  
  55  6:58  SCV  
  55  6:59  Supply Depot  
  55  7:01  Command Center  
  56  7:10  SCV  
  57  7:22  SCV  
  50  7:51  Marine, Factory Reactor  
  50  7:52  Marine x8  
  59  8:09  Marine  
  59  8:10  Marine x7  
  47  8:33  SCV  
  41  8:36  Orbital Command  
  41  8:45  SCV  
  41  8:50  Widow Mine  
  41  8:52  Starport  
  43  8:57  SCV  
  44  9:04  Marine x3  
  44  9:09  SCV  
  48  9:14  Refinery  
  48  9:21  SCV  
  48  9:26  Orbital Command  
  42  9:33  SCV  
  42  9:45  SCV  
  42  9:46  Starport Reactor  
  42  9:51  SCV  
  44  9:56  Starport  
  44  9:57  Marine x6  
  50  10:01  Marine  
  50  10:03  SCV  
  50  10:06  Marine  
  53  10:15  SCV  
  54  10:25  Medivac  
  54  10:27  SCV  
  54  10:28  SCV  
  58  10:35  Starport  
  45  10:39  SCV  
  45  10:40  SCV  
  37  10:51  Refinery  
  37  10:52  SCV  
  37  10:54  Starport Tech Lab  
  37  10:55  Marine x2  
  37  10:56  Marine x2, Missile Turret  
  42  10:57  Marine  
  42  10:59  Marine  
  42  11:03  Marine  
  42  11:04  Marine, SCV  
  46  11:07  Marine  
  48  11:13  Marine  
  48  11:16  SCV  
  50  11:22  Medivac, Viking  
  50  11:24  Marine  
  55  11:26  Marine  
  55  11:28  SCV  
Tags
 
Add a new tag
Caveats
  • Supply blocks, unpowered buildings, or Contaminate may cause inaccurate times.
  • Supply counts are checked every 10 seconds.